 Dungeon Crawl Stone Soup version 0.19-a0-1170-g18f0c96 (webtiles) character file.

1169 Geppetto the Cleaver (level 8, -1/70 HPs)
             Began as a Minotaur Monk on Aug 17, 2016.
             Was a Believer of Ru.
             Slain by a wight
             ... wielding a cursed +2 short sword
              (6 damage)
             ... on level 6 of the Dungeon.
             The game lasted 00:12:39 (5777 turns).

Geppetto the Cleaver (Minotaur Monk)                Turns: 5777, Time: 00:12:40

Health: -1/70      AC:  8    Str: 17    XL:     8   Next: 17%
Magic:  7/7        EV: 13    Int:  7    God:    Ru [**....]
Gold:   243        SH:  0    Dex: 14    Spells: 0 memorised, 7 levels left

rFire  + . .     SeeInvis .     a - +0 hand axe
rCold  . . .     Gourm    .     o - +2 scale mail {rF+}
rNeg   . . .     Faith    .     (no shield)
rPois  .         Spirit   .     (helmet restricted)
rElec  .         Dismiss  .     (no cloak)
rCorr  .         Reflect  .     (no gloves)
MR     .....     Harm     .     (no boots)
Stlth  +.........               (no amulet)
                                (no ring)
                                f - +3 ring of evasion

@: lethally poisoned (-1 -> -2), heavily drained
A: retaliatory headbutt, horns 2, unskilled 1
a: Renounce Religion


You were on level 6 of the Dungeon.
You worshipped Ru.
Ru was pleased with you.
You were not hungry.

You visited 2 branches of the dungeon, and saw 7 of its levels.

You collected 243 gold pieces.

Inventory:

Hand Weapons
 a - a +0 hand axe (weapon)
Armour
 b - a +0 robe
 o - a +2 scale mail of fire resistance (worn)
Jewellery
 f - a +3 ring of evasion (left hand)
Wands
 n - a wand of acid (7/15)
Scrolls
 k - 2 scrolls of teleportation
 q - a scroll of blinking
 u - 2 scrolls of remove curse
Potions
 d - a potion of ambrosia
 g - 2 potions of lignification
 h - 2 potions of cure mutation
 j - 4 potions of curing
 m - 2 potions of agility
 r - a potion of flight
 t - a potion of might {unknown}
Books
 l - a book of Beasts

   Spells                             Type                      Level
   a - Summon Butterflies             Summoning                    1
   b - Call Canine Familiar           Summoning                    3
   c - Summon Ice Beast               Ice/Summoning                4
   d - Summon Mana Viper              Hexes/Summoning              5
   e - Summon Hydra                   Summoning                    7
Comestibles
 c - 6 bread rations
 i - 8 fruits
 s - 3 meat rations


   Skills:
 + Level 6.2(4.6) Fighting
 * Level 8.3(6.7) Axes
 - Level 3.0(1.5) Dodging
 + Level 4.1(2.7) Stealth


You had 7 spell levels left.
You didn't know any spells.

Dungeon Overview and Level Annotations

Branches:
Dungeon (6/15)             Temple (1/1) D:5

Altars:
Ashenzari
Cheibriados
Elyvilon
Fedhas
Gozag
Hepliaklqana
Kikubaaqudgha
Nemelex Xobeh
Okawaru
Pakellas
Qazlal
Ru
Sif Muna
Uskayaw
Vehumet
Xom
Yredelemnul
Zin
The Shining One

Shops:
D:5 :

Annotations:
D:4 Menkaure, Pikel
D:6 Edmund


Innate Abilities, Weirdness & Mutations

You reflexively headbutt those who attack you in melee.
You have a pair of horns on your head.
You are somewhat unskilled. (-1 Apt)


Message History

A wight comes into view.
It is wielding an enchanted short sword.
The adder bites you but does no damage.
A wight comes into view. It is wielding an enchanted scimitar.
A wight comes into view. It is wielding a dagger.
You feel sick.
You are no longer poisoned.
There is an open door here.
The wight hits you with a dagger.
* * * LOW HITPOINT WARNING * * *
The adder bites you.
* * * LOW HITPOINT WARNING * * *
You are poisoned.
The adder poisons you!
You feel sick.
Found a stone staircase leading up.
The wight hits you but does no damage. x2
An ogre comes into view. It is wielding a giant club.
The ogre shouts!
The wight hits you with an enchanted short sword.
You die...

.# ##.###.# .### #.....#
...# #..##.# ...# ##o# .#
...# #####'##.# ...#
#........# .. ...#
#....lzz.# ... ...####
#.....zS.# #.#
.#....####......@.# ###.#
.#....#...............#.#
.#....#.#.........###.#.#
.#......#.######..#
#.#.######## .##+#####.#
#.># #.#......... ..
#.....# #.####...........
## #.#####
###O###............ #.#
#....##............ #.#
#......<...........


You could see an ogre, an iguana, 3 wights, an adder and an orc.

Vanquished Creatures
  An orc warrior (D:6)
  An ice beast (D:5)
  2 slaves
  3 ogres
  A centaur (D:5)
  Blork the orc (D:4)
  A howler monkey (D:6)
  A crimson imp (D:5)
  2 hounds
  2 orc wizards
  An orc priest (D:4)
  A centaur skeleton (D:4)
  An iguana (D:5)
  A worker ant (D:6)
  2 hound skeletons
  5 adders
  3 gnolls (D:5)
  4 worms
  A dart slug (D:3)
  A giant gecko (D:2)
  29 orcs
  4 giant cockroaches
  19 goblins
  16 hobgoblins
  7 jackals (D:1)
  A quokka (D:2)
  3 ball pythons
  11 bats
  3 giant newts
  5 kobolds
  5 rats
138 creatures vanquished.

Vanquished Creatures (others)
  An ogre (D:6)
1 creature vanquished.

Grand Total: 139 creatures vanquished

Notes
Turn   | Place    | Note
-------+----------+-------------------------------------------
     0 | D:1      | Geppetto the Minotaur Monk began the quest for the Orb.
     0 | D:1      | Reached XP level 1. HP: 19/19 MP: 0/0
   134 | D:1      | Reached skill level 4 in Axes
   137 | D:1      | Reached XP level 2. HP: 7/27 MP: 1/1
   598 | D:1      | Reached XP level 3. HP: 33/33 MP: 2/2
   989 | D:2      | Found an oddly glowing altar of Pakellas.
  1393 | D:2      | Reached XP level 4. HP: 40/40 MP: 3/3
  1511 | D:2      | Found a shimmering altar of Xom.
  1713 | D:3      | Reached skill level 5 in Axes
  1901 | D:3      | Reached XP level 5. HP: 32/47 MP: 4/4
  2112 | D:3      | Found an iron altar of Okawaru.
  2292 | D:4      | Found a hide-covered altar of Uskayaw.
  2482 | D:4      | Noticed a slave
  2499 | D:4      | Noticed a slave
  2506 | D:4      | Noticed Pikel
  2510 | D:4      | Noticed a slave
  2512 | D:4      | Noticed a slave
  2516 | D:4      | Killed a slave
  2541 | D:4      | Reached skill level 6 in Axes
  2553 | D:3      | Killed a slave
  3157 | D:3      | Reached skill level 5 in Fighting
  3253 | D:4      | Noticed Blork the orc
  3265 | D:4      | Reached XP level 6. HP: 27/56 MP: 5/5
  3266 | D:4      | Killed Blork the orc
  3779 | D:4      | Noticed Menkaure
  3806 | D:5      | Entered Level 5 of the Dungeon
  3969 | D:5      | Reached skill level 7 in Axes
  4030 | D:5      | Noticed an ice beast
  4043 | D:5      | Killed an ice beast
  4043 | D:5      | Reached XP level 7. HP: 48/61 MP: 6/6
  4335 | D:5      | Found a staircase to the Ecumenical Temple.
  4378 | Temple   | Entered the Ecumenical Temple
  4387 | Temple   | Became a worshipper of Ru the Awakened
  4394 | D:5      | Gained mutation: You are somewhat unskilled. (-1 Apt) [Ru sacrifice]
  4394 | D:5      | Reached * piety under Ru
  4394 | D:5      | Reached ** piety under Ru
  4919 | D:5      | Found Laug Qocic's Book Emporium.
  5190 | D:6      | Reached skill level 8 in Axes
  5190 | D:6      | Reached XP level 8. HP: 14/70 MP: 7/7
  5657 | D:6      | Noticed Edmund
  5777 | D:6      | Slain by a wight

Vault maps used:
D:1:      mrwooster_arrival_arrow
D:2:      grunt_pakellas_sulfur, old_standard_altar, first_bread,
          guppyfry_early_orc_mine
D:3:      okawaru_ov_weapons_minmay, serial_glass, glass_columns_b,
          glass_columns_b
D:4:      eat_drink_and_be_merry_uskayaw, uniq_grinder, uniq_blork_the_orc,
          uniq_menkaure, uniq_pikel
D:5:      serial_shops, kennysheep_mini_moat
D:6:      gammafunk_temple_overflow_elements, minmay_small_thing, uniq_edmund
Temple:   minmay_freezing_vapour_temple

Skill      XL: |  1  2  3  4  5  6  7  8 |
---------------+-------------------------+-----
Axes           | 4 5 6 7 8 |  8.3
Stealth        | 2 3 4 |  4.1
Fighting       | 4 5 6 |  6.2
Dodging        | |  3.0

Action                   |  1- 3 |  4- 6 |  7- 9 || total
-------------------------+-------+-------+-------++-------
Melee: Hand axe          |    95 |   239 |   123 ||   457
       Headbutt          |    20 |    35 |    27 ||    82
Invok: Sacrifice Skill   |       |       |     1 ||     1
  Use: Scroll            |     5 |     4 |     3 ||    12
       Potion            |       |     1 |     1 ||     2
 Stab: Sleeping          |     4 |     3 |       ||     7
  Eat: Chunk             |     1 |     8 |     6 ||    15
       Fruit             |       |     1 |       ||     1
Armor: Robe              |    16 |     9 |       ||    25
       Scale mail        |       |    51 |    36 ||    87
Dodge: Dodged            |    60 |   191 |    91 ||   342
